 Dungeon Crawl Stone Soup version 0.31-a0-1027-gfb7600b534 (webtiles) character file.

Game seed: 2795389215548801619

100 Avanven the Slasher (level 4, -4/33 HPs)
             Began as a Vampire Gladiator on Nov 18, 2023.
             Slain by a gnoll
             ... wielding a +0 flail
             ... led by a gnoll bouda
              (9 damage)
             ... on level 2 of the Dungeon.
             The game lasted 00:03:11 (1402 turns).

Avanven the Slasher (Vampire Gladiator)             Turns: 1402, Time: 00:03:12

Health: -4/33      AC:  5    Str: 15    XL:     4   Next: 47%
Magic:  4/4        EV: 13    Int: 10    God:
Gold:   107        SH:  0    Dex: 15    Spells: 3/3 levels left

rFire   . . .        a - +0 long sword
rCold   . . .        (no shield)
rNeg    . . .        b - +0 leather armour
rPois   .            c - +0 helmet
rElec   .            g - +0 cloak
rCorr   .            (no gloves)
SInv    +            (no boots)
Will    .....        (no amulet)
Stlth   +            (no ring)
HPRegen 0.45/turn    (no ring)
MPRegen 0.09/turn

%: no passive effects
@: healing quickly
A: alive, fangs 3, see invisible, vampiric 2
a: Exsanguinate


You were on level 2 of the Dungeon.
You visited 1 branch of the dungeon, and saw 3 of its levels.

You collected 107 gold pieces.

Inventory:

Hand Weapons
 a - a +0 long sword (weapon)
Missiles
 d - 3 throwing nets (quivered)
 e - a javelin
Armour
 b - a +0 leather armour (worn)
 c - a +0 helmet (worn)
 g - a +0 cloak (worn)
Jewellery
 f - a ring of ice
Scrolls
 h - a scroll of revelation {unknown}
 l - a scroll of poison {unknown}
Potions
 i - a potion of haste {unknown}
 j - a potion of curing {unknown}
 k - a potion of invisibility
 m - a potion of heal wounds {unknown}


   Skills:
 - Level 1.7 Fighting
 * Level 4.6 Long Blades
 - Level 1.5 Throwing
 + Level 4.3 Dodging


You had 3 spell levels left.
You didn't know any spells.
Your spell library was empty.

Dungeon Overview and Level Annotations

Branches:
Dungeon (3/15)

Altars:


Innate Abilities, Weirdness & Mutations

Your natural rate of healing is accelerated.
You have razor-sharp teeth.
You have supernaturally acute eyesight. (SInv)
You are afflicted with vampirism and can become a bat while bloodless.


Message History

The gnoll barely misses you.
You barely miss the gnoll. The gnoll completely misses you.
You hit the gnoll but do no damage. The gnoll barely misses you.
You barely miss the gnoll. The gnoll hits you with a +0 whip.
The gnoll barely misses you.
You hit the gnoll.
The gnoll is moderately wounded.
The gnoll misses you.
You slash the gnoll!
The gnoll is almost dead.
The gnoll closely misses you.
You barely miss the gnoll.
The gnoll is almost dead.
The gnoll misses you.
You barely miss the gnoll.
The gnoll is almost dead.
The gnoll hits you with a +0 whip.
You hit the gnoll. Your bite misses the gnoll.
The gnoll is almost dead.
The gnoll hits you with a +0 whip! The gnoll hits you but does no damage.
You hit the gnoll.
You kill the gnoll!
The gnoll closely misses you.
You closely miss the gnoll. The gnoll hits you with a +0 flail!
* * * LOW HITPOINT WARNING * * *
You hit the gnoll but do no damage. You bite the gnoll.
The gnoll is moderately wounded.
The gnoll hits you with a +0 flail.
* * * LOW HITPOINT WARNING * * *
You hit the gnoll but do no damage.
The gnoll is moderately wounded.
The gnoll barely misses you.
You barely miss the gnoll.
The gnoll is moderately wounded.
The gnoll hits you with a +0 flail.
* * * LOW HITPOINT WARNING * * *
You slash the gnoll!
The gnoll is severely wounded.
The gnoll hits you with a +0 flail!
You die...

####.# #..#
##...##..#
.....# ##.#
##.###.##
###### #.# #.#
#.# #.# #.# #.#
#.# #.###.# #.#
#...#.# ##.#
###)#.#
##..#######>#.#
#........@g.#.#
##..#########.#
#..# #.# #..#
#.# ### #..#
#.# ..## #..#
#.# ##.# #..#
#.# #.# #..#
#.#
##.######..###
#.#


You could see a gnoll.

Vanquished Creatures
  2 gnolls (D:2)
  4 adders (D:2)
  An orc (D:2)
  6 ball pythons
  5 endoplasms
  2 giant cockroaches (D:1)
  A goblin (D:2)
  6 hobgoblins
  6 kobolds
  2 quokkas
  A bat (D:1)
  3 frilled lizards
  6 rats
45 creatures vanquished.

Notes
Turn   | Place    | Note
-------+----------+-------------------------------------------
     0 | D:1      | Avanven the Vampire Gladiator began the quest for the Orb.
     0 | D:1      | Reached XP level 1. HP: 16/16 MP: 1/1
    59 | D:1      | Reached XP level 2. HP: 21/22 MP: 2/2
   551 | D:1      | Found a faded altar of an unknown god.
   601 | D:2      | Gained mutation: You are afflicted with vampirism and can
                  | become a bat while bloodless. [Vampire growth]
   601 | D:2      | Reached XP level 3. HP: 27/27 MP: 3/3
  1027 | D:2      | Reached XP level 4. HP: 31/33 MP: 4/4
  1402 | D:2      | Slain by a gnoll

Illustrated notes

Levels and vault maps discovered:
D:1:      amcnicky_arrival_gap_in_the_tavern_cellar, layout_basic,
          dreamdust_ecumenical_altar_angels_and_demons
D:2:      layout_loops_ring, st_stairs_10, kennysheep_doodads
D:3:      layout_basic, dreamdust_wishing_well

Skill      XL: |  1  2  3 |
---------------+----------+-----
Long Blades    | 4 |  4.6
Dodging        | 4 |  4.3
Fighting       | |  1.7
Throwing       | |  1.5

Action                     |  1- 3 |  4- 6 || total
---------------------------+-------+-------++-------
  Melee: Long sword        |   129 |    28 ||   157
         Bite              |     4 |     2 ||     6
         Punch             |     2 |       ||     2
    Use: Scroll            |     5 |       ||     5
 Armour: Leather armour    |    70 |    24 ||    94
  Dodge: Dodged            |   109 |    29 ||   138

Table legend: (Time is in decaauts)
 A = Elapsed time spent in this place.
 B = Non-inter-level travel time spent in this place.
 C = Inter-level travel time spent in this place.
 D = Time resting spent in this place.
 E = Time spent auto-exploring this place.
 F = Levels seen in this place.
 G = Mean time per level.
                   A        B        C        D        E       F      G
               +--------+--------+--------+--------+--------+-----+--------+
         Total |   1438 |   1397 |     41 |     36 |    981 |   3 |  479.3 |
       Dungeon |   1438 |   1397 |     41 |     36 |    981 |   3 |  479.3 |
               +--------+--------+--------+--------+--------+-----+--------+

Top non-repeatable levels by time:
     D:2: 808 daAuts
     D:1: 612 daAuts
     D:3: 17 daAuts
